 Dungeon Sprint DCSS version 0.31-a0-662-g684573625c (webtiles) character file.

Game seed: 777402874003528017

3200000 sircluck the Conqueror (level 20, -8/197 HPs)
             Began as a Demonspawn Gladiator on Sept 1, 2023.
             Was the Champion of Makhleb.
             Mangled by a meat berserker
             ... wielding a +9 battleaxe
              (60 damage)
             ... in the Dungeon (Sprint VIII: "Arena of Blood").
             The game lasted 00:01:04 (32 turns).

sircluck the Conqueror (Demonspawn Gladiator)         Turns: 32, Time: 00:01:05

Health: -8/197     AC:  6    Str: 14    XL:     20   Next: 66%
Magic:  20/20      EV: 38    Int: 11    God:    Makhleb [******]
Gold:   0          SH:  0    Dex: 23    Spells: 19/19 levels left

rFire   . . .        l - +∞ Axe of Woe
rCold   . . .        (shield currently unavailable)
rNeg    . . .        b - +0 leather armour
rPois   .            (helmet unavailable)
rElec   .            (no cloak)
rCorr   .            (no gloves)
SInv    .            (no boots)
Will    +....        (no amulet)
Stlth   ++++++++++   (no ring)
HPRegen 0.52/turn    (no ring)
MPRegen 0.17/turn

%: no teleportation
@: no status effects
A: horns 3, repulsion field 2, foul stench 2, augmentation 2, condensation
shield
a: Renounce Religion, Minor Destruction, Lesser Servant of Makhleb, Major
Destruction, Greater Servant of Makhleb


You were in the Dungeon.
You worshipped Makhleb.
Makhleb was exalted by your worship.
You visited 1 branch

Inventory:

Hand Weapons
 a - a +0 war axe
 l - the +∞ Axe of Woe (weapon)
   (You found it in the Dungeon)
Missiles
 d - 3 throwing nets (quivered)
 e - a javelin
Armour
 b - a +0 leather armour (worn)
 c - a +0 helmet
Scrolls
 k - a scroll of blinking
Potions
 f - a potion of curing
 g - a potion of heal wounds
 h - a potion of haste
 i - 2 potions of magic
 j - a potion of berserk rage


   Skills:
 O Level 27 Fighting
 O Level 27 Axes
 + Level 25.6(27) Maces & Flails
 + Level 25.6(27) Polearms
 O Level 27 Throwing
 + Level 25.6 Armour
 O Level 27 Dodging
 O Level 27 Stealth


You had 19 spell levels left.
You didn't know any spells.
Your spell library was empty.

Dungeon Overview and Level Annotations

Branches:
Dungeon (1/1)

Altars:
Makhleb


Innate Abilities, Weirdness & Mutations

You have a pair of large horns on your head.
You are surrounded by a moderate repulsion field. (EV +3)
You sometimes emit foul miasma when damaged in melee.
Your magical and physical power is enhanced at high health.
A meltable shield of frost defends you. (SH +0)


Message History

You kill the bag of meat!
Makhleb accepts your kill.
You feel better.
The destroyer appears out of thin air!
A destroyer comes into view. It is wielding a +9 heavy great sword.
The meat berserker rages.
The destroyer is engulfed in blazing flames.
The destroyer casts a spell at you.
The destroyer blinks!
A destroyer comes into view. It is wielding a +9 heavy great sword.
The eight-headed meat hydra calls on the powers of darkness!
The eight-headed meat hydra convulses!
The bag of meat convulses!
The meat berserker convulses! x2; Your body is wracked with pain!
* * * LOW HITPOINT WARNING * * *
The bag of meat convulses!
The meat berserker convulses! x2
The bag of meat convulses!
The meat berserker convulses!
The bag of meat convulses!
The eight-headed meat hydra convulses!
The bag of meat convulses!
The meat berserker convulses!
The bag of meat convulses!
The meat berserker convulses!
The bag of meat is engulfed in blazing flames.
Unknown command.
Unknown command.
Unknown command.
Unknown command.
Okay, then.
The destroyer shouts! x2
You slice the bag of meat!!
You pulverise the bag of meat into a thin bloody mist.
You kill the bag of meat!
Makhleb accepts your kill.
You feel better.
The sculptor of flesh appears out of thin air!
A sculptor of flesh comes into view. It is wielding a +9 great sword.
The meat berserker rages.
The meat berserker is engulfed in blazing flames.
The destroyer is engulfed in blazing flames.
A destroyer comes into view. It is wielding a +9 heavy great sword.
The destroyer points at you and mumbles some strange words.
The destroyer blinks!
The meat berserker hits you with a +9 battleaxe!!!
You die...

................
..V.......#.#...
................
#...............
.#o.oO......o...
.V.ooO☼§§§....§.
O..oo§)ooDo.....
#VO§§OV.# .
#.O@O...#
...###)O)....###.
.o......###......
#........_).D....
.....o#o....#o...
....z.#_.<._#....
......#.....# ..
#.....V.._.....
........###......


You could see 2 eight-headed meat hydras, 5 destroyers, a sculptor of flesh
(wandering), 7 meat berserkers and 13 bags of meat.

Vanquished Creatures
  A vampire knight (D)
  12 ogres (D)
  2 two-headed ogres (D)
  28 orcs (D)
43 creatures vanquished.

Notes
Turn   | Place    | Note
-------+----------+-------------------------------------------
     0 | D        | Found the +∞ Axe of Woe
     0 | D        | sircluck the Demonspawn Gladiator began the quest for the
                  | Orb.
     0 | D        | Reached XP level 1. HP: 16/16 MP: 1/1
     1 | D        | Noticed a bag of meat
     2 | D        | Noticed a meat berserker
     2 | D        | Noticed a bag of meat
     4 | D        | Became a worshipper of Makhleb the Destroyer
     4 | D        | Noticed a bag of meat
     5 | D        | Killed a meat berserker
     6 | D        | Reached skill level 15 in Fighting
     6 | D        | Gained mutation: You have a pair of small horns on your
                  | head. [demonic ancestry]
     6 | D        | Reached XP level 2. HP: 44/44 MP: 2/2
     6 | D        | Gained mutation: You may rarely emit foul miasma when
                  | damaged in melee. [demonic ancestry]
     6 | D        | Reached XP level 3. HP: 50/50 MP: 3/3
     6 | D        | Reached XP level 4. HP: 57/57 MP: 4/4
     6 | D        | Gained mutation: You are surrounded by a mild repulsion
                  | field. (EV +2) [demonic ancestry]
     6 | D        | Reached XP level 5. HP: 63/63 MP: 5/5
     6 | D        | Gained mutation: You are surrounded by a moderate repulsion
                  | field. (EV +3) [demonic ancestry]
     6 | D        | Reached XP level 6. HP: 70/70 MP: 6/6
     6 | D        | Gained mutation: You have a pair of horns on your head.
                  | [demonic ancestry]
     6 | D        | Reached XP level 7. HP: 76/76 MP: 7/7
     6 | D        | Reached XP level 8. HP: 83/83 MP: 8/8
     6 | D        | Reached XP level 9. HP: 89/89 MP: 9/9
     6 | D        | Gained mutation: A meltable shield of frost defends you.
                  | (SH +0) [demonic ancestry]
     6 | D        | Reached XP level 10. HP: 96/96 MP: 10/10
     6 | D        | Gained mutation: You have a pair of large horns on your
                  | head. [demonic ancestry]
     6 | D        | Reached XP level 11. HP: 102/102 MP: 11/11
     6 | D        | Noticed a bag of meat
     7 | D        | Noticed a bag of meat
     7 | D        | Noticed a bag of meat
     7 | D        | Noticed a bag of meat
     8 | D        | Noticed a bag of meat
     8 | D        | Noticed a meat berserker
    10 | D        | Noticed a bag of meat
    10 | D        | Noticed a bag of meat
    10 | D        | Noticed a bag of meat
    10 | D        | Noticed a meat berserker
    10 | D        | Noticed a bag of meat
    10 | D        | Noticed a meat berserker
    11 | D        | Killed a bag of meat
    11 | D        | Reached * piety under Makhleb
    11 | D        | Killed a bag of meat
    11 | D        | Noticed a meat berserker
    11 | D        | Noticed a bag of meat
    12 | D        | Reached XP level 12. HP: 116/116 MP: 12/12
    12 | D        | Reached XP level 13. HP: 122/122 MP: 13/13
    12 | D        | Killed a meat berserker
    12 | D        | Killed a bag of meat
    12 | D        | Reached ** piety under Makhleb
    12 | D        | Killed a bag of meat
    12 | D        | Killed a bag of meat
    12 | D        | Noticed a bag of meat
    13 | D        | Reached XP level 14. HP: 138/138 MP: 14/14
    13 | D        | Killed a bag of meat
    13 | D        | Reached *** piety under Makhleb
    13 | D        | Noticed a bag of meat
    14 | D        | Killed a bag of meat
    14 | D        | Noticed a bag of meat
    14 | D        | Noticed a bag of meat
    14 | D        | Noticed a large bag of meat
    14 | D        | Noticed a bag of meat
    15 | D        | Reached XP level 15. HP: 146/146 MP: 15/15
    15 | D        | Killed a meat berserker
    15 | D        | Killed a meat berserker
    15 | D        | Reached **** piety under Makhleb
    15 | D        | Noticed a meat berserker
    16 | D        | Gained mutation: You sometimes emit foul miasma when
                  | damaged in melee. [demonic ancestry]
    16 | D        | Reached XP level 16. HP: 107/161 MP: 16/16
    16 | D        | Killed a meat berserker
    17 | D        | Reached ***** piety under Makhleb
    18 | D        | Reached skill level 27 in Fighting
    19 | D        | Gained mutation: Your magical and physical power is
                  | slightly enhanced at high health. [demonic ancestry]
    19 | D        | Reached XP level 17. HP: 174/174 MP: 17/17
    19 | D        | Noticed a meat berserker
    19 | D        | Noticed a large bag of meat
    21 | D        | Noticed a destroyer
    21 | D        | Noticed a meat berserker
    21 | D        | Noticed a meat berserker
    22 | D        | Reached skill level 27 in Axes
    22 | D        | Reached skill level 27 in Throwing
    22 | D        | Reached skill level 27 in Dodging
    22 | D        | Noticed a meat berserker
    23 | D        | Noticed a meat berserker
    24 | D        | Killed a destroyer
    24 | D        | Killed a large bag of meat
    24 | D        | Noticed a meat berserker
    25 | D        | Reached XP level 18. HP: 139/182 MP: 18/18
    25 | D        | Noticed a meat berserker
    26 | D        | Noticed a destroyer
    26 | D        | Killed a meat berserker
    26 | D        | Reached ****** piety under Makhleb
    26 | D        | Killed a meat berserker
    26 | D        | Killed a meat berserker
    26 | D        | Noticed a meat berserker
    27 | D        | Gained mutation: Your magical and physical power is
                  | enhanced at high health. [demonic ancestry]
    27 | D        | Reached XP level 19. HP: 189/189 MP: 19/19
    27 | D        | Killed a large bag of meat
    27 | D        | Killed a meat berserker
    27 | D        | Noticed a meat berserker
    27 | D        | Noticed a destroyer
    27 | D        | Noticed a meat berserker
    27 | D        | Noticed a meat berserker
    28 | D        | Noticed a meat berserker
    28 | D        | Noticed a meat berserker
    29 | D        | Noticed an eight-headed meat hydra
    29 | D        | Noticed an eight-headed meat hydra
    29 | D        | Killed a meat berserker
    29 | D        | Killed a meat berserker
    30 | D        | Reached XP level 20. HP: 188/197 MP: 20/20
    30 | D        | Killed a meat berserker
    31 | D        | Reached skill level 27 in Stealth
    31 | D        | Noticed a destroyer
    32 | D        | Noticed a destroyer
    32 | D        | Noticed a destroyer
    32 | D        | Mangled by a meat berserker

Illustrated notes

Levels and vault maps discovered:
D:        meatsprint

Skill      XL: |  1  2  3  4  5  6  7  8  9 10 11 12 13 14 15 16 17 18 19 20 |
---------------+-------------------------------------------------------------+-----
Fighting       | 15 17 21 22 24 27 | 27.0
Axes           | 14 16 19 20 22 25 27 | 27.0
Throwing       | 14 16 19 20 22 25 27 | 27.0
Dodging        | 14 16 19 20 22 25 27 | 27.0
Maces & Flails | 11 17 23 25 | 25.6
Polearms       | 11 17 23 25 | 25.6
Armour         | 11 17 23 25 | 25.6
Stealth        | 12 19 25 27 | 27.0

Action                     |  1- 3 |  4- 6 |  7- 9 | 10-12 | 13-15 | 16-18 | 19-21 || total
---------------------------+-------+-------+-------+-------+-------+-------+-------++-------
  Melee: Executioner's axe |     1 |       |       |     1 |     4 |     7 |     5 ||    18
 Armour: Leather armour    |       |       |       |       |     1 |     3 |     3 ||     7
  Dodge: Dodged            |       |       |       |       |       |     2 |       ||     2

Table legend: (Time is in decaauts)
 A = Elapsed time spent in this place.
 B = Non-inter-level travel time spent in this place.
 C = Inter-level travel time spent in this place.
 D = Time resting spent in this place.
 E = Time spent auto-exploring this place.
 F = Levels seen in this place.
 G = Mean time per level.
                   A        B        C        D        E       F      G
               +--------+--------+--------+--------+--------+-----+--------+
         Total |     29 |     29 |      0 |      0 |      0 |   1 |   29.0 |
       Dungeon |     29 |     29 |      0 |      0 |      0 |   1 |   29.0 |
               +--------+--------+--------+--------+--------+-----+--------+

Top non-repeatable levels by time:
       D: 29 daAuts
